 Dungeon Crawl Stone Soup version 0.22.1-1-ga44c0e5 (webtiles) character file.

196 nightchill the Insei (level 5, 0/41 HPs)
             Began as a Merfolk Transmuter on Oct 28, 2018.
             Succumbed to a worker ant's poison
             ... on level 4 of the Dungeon.
             The game lasted 00:11:34 (3347 turns).

nightchill the Insei (Merfolk Transmuter)           Turns: 3347, Time: 00:11:35

Health: 0/41       AC:  2    Str: 10    XL:     5   Next: 75%
Magic:  3/8        EV: 13    Int: 13    God:
Gold:   126        SH:  0    Dex: 15    Spells: 2/8 levels left

rFire    . . .     SeeInvis .     - Unarmed
rCold    . . .     Gourm    .   (no shield)
rNeg     . . .     Faith    .   m - +0 robe
rPois    .         Spirit   .   (no helmet)
rElec    .         Reflect  .   (no cloak)
rCorr    .         Harm     .   (no gloves)
MR       .....                  (no boots)
Stlth    +.........             (no amulet)
HPRegen  0.13/turn              (no ring)
MPRegen  0.11/turn              (no ring)

@: lethally poisoned (0 -> -11), appendage
A: change form in water, swift swim, stealthy swim, horns 2
a: End Transformation


You were on level 4 of the Dungeon.
You were very hungry.
You had grown temporary horns.
You visited 1 branch of the dungeon, and saw 4 of its levels.

You collected 126 gold pieces.

Inventory:

Hand Weapons
 b - a +0 hunting sling
Missiles
 a - 3 arrows
 c - 28 sling bullets
 e - 124 stones (quivered)
Armour
 m - a +0 robe (worn)
Jewellery
 n - an uncursed ring of positive energy {unknown}
Wands
 r - a wand of flame (24)
Scrolls
 g - 2 scrolls of blinking {unknown}
 h - 6 scrolls of identify {unknown}
 l - 3 scrolls of teleportation {unknown}
 o - a scroll of amnesia {unknown}
Potions
 f - a potion of mutation {unknown}
 i - a potion of magic {unknown}
 j - a potion of brilliance {unknown}
 k - a potion of agility {unknown}
 q - a potion of ambrosia {unknown}
Comestibles
 d - 5 rations


   Skills:
 + Level 3.1 Fighting
 - Level 2.6 Dodging
 * Level 5.4 Unarmed Combat
 - Level 2.0 Spellcasting
 + Level 4.2 Transmutations


You had 2 spell levels left.
You knew the following spells:

 Your Spells              Type           Power        Failure   Level  Hunger
a - Beastly Appendage     Tmut           ##....       4%          1    ##.....
b - Sticks to Snakes      Tmut           ##......     7%          2    ###....
c - Spider Form           Tmut/Pois      #.........   32%         3    ####...

Your spell library contained the following spells:

 Spells                   Type           Power        Failure   Level  Hunger
 Ice Form                 Ice/Tmut       #.......     71%         4    #####..
 Blade Hands              Tmut           ##........   77%         5    ######.


Dungeon Overview and Level Annotations

Branches:
Dungeon (4/15)
 Temple: D:4-7

Altars:
Gozag

Annotations:
D:2 exclusion: downstairs
D:3 1 runed door


Innate Abilities, Weirdness & Mutations

You revert to your normal form in water.
You are very nimble and swift while swimming.
You are very stealthy in the water. (Stealth+)
You have a pair of horns on your head.


Message History

A hound skeleton comes into view.
You hit the worker ant.
The worker ant is moderately wounded.
You feel sick. The worker ant bites you.
You are more poisoned.
The worker ant poisons you!
You hit the worker ant but do no damage.
The worker ant is moderately wounded.
You feel sick. The worker ant bites you.
* * * LOW HITPOINT WARNING * * *
You hit the worker ant.
The worker ant is heavily wounded.
* * * LOW HITPOINT WARNING * * *
You feel sick. The worker ant bites you!
* * * LOW HITPOINT WARNING * * *
You hit the worker ant. You headbutt the worker ant.
You kill the worker ant!
* * * LOW HITPOINT WARNING * * *
You feel sick.
You die...

# .. ... .##.
#. ....
....##.####....
..)............
............. .
#.........#
#..#.........#.
>...%..@.......
...##..<...#..#
#$......#
.........s.#
.###........#
##.?...#Z#
#.....#...
#.#.#.# ...
#.#.#.. ..


You could see a scorpion and a hound skeleton.

Vanquished Creatures
  Terence (D:3)
  A worker ant (D:4)
  5 adders
  2 dart slugs (D:1)
  A leopard gecko (D:2)
  2 orcs
  5 giant cockroaches
  8 goblins
  5 hobgoblins
  3 jackals (D:2)
  7 bats
  6 frilled lizards
  5 kobolds
  6 rats
57 creatures vanquished.

Vanquished Creatures (collateral kills)
  An orc priest (D:3)
  An iguana (D:3)
  2 adders
  2 worms
  An orc (D:3)
  A ball python (D:3)
  A bat (D:3)
  A giant cockroach (D:2)
  A goblin (D:3)
  A frilled lizard (D:3)
  A kobold (D:2)
13 creatures vanquished.

Grand Total: 70 creatures vanquished

Notes
Turn   | Place    | Note
-------+----------+-------------------------------------------
     0 | D:1      | nightchill the Merfolk Transmuter began the quest for the
                  | Orb.
     0 | D:1      | Reached XP level 1. HP: 15/15 MP: 3/3
   196 | D:1      | Reached XP level 2. HP: 21/21 MP: 5/5
   200 | D:1      | Learned a level 2 spell: Sticks to Snakes
   533 | D:1      | Reached skill level 4 in Unarmed Combat
   780 | D:2      | Reached XP level 3. HP: 27/27 MP: 4/6
   842 | D:2      | Learned a level 3 spell: Spider Form
  1534 | D:2      | Reached XP level 4. HP: 33/33 MP: 7/7
  2294 | D:3      | Noticed Terence
  2309 | D:3      | Killed Terence
  2849 | D:3      | Reached XP level 5. HP: 31/39 MP: 4/8
  2913 | D:3      | Found an opulent altar of Gozag.
  2949 | D:3      | Found a runed door.
  2969 | D:3      | Reached skill level 5 in Unarmed Combat
  3345 | D:4      | HP: 2/41 [worker ant (7)]
  3347 | D:4      | Succumbed to a worker ant's poison

Skill      XL: |  1  2  3  4  5 |
---------------+----------------+-----
Transmutations | 3 4 |  4.2
Unarmed Combat | 4 5 |  5.4
Fighting       | 2 3 |  3.1
Dodging        | |  2.6
Spellcasting   | |  2.0

Action                   |  1- 3 |  4- 6 || total
-------------------------+-------+-------++-------
Melee: Unarmed           |   101 |    50 ||   151
       Headbutt          |     8 |     5 ||    13
       Punch             |     2 |     2 ||     4
 Fire: Hunting sling     |    14 |    22 ||    36
Throw: Stone             |     1 |     8 ||     9
 Cast: Beastly Appendage |    12 |    11 ||    23
       Sticks to Snakes  |     5 |    19 ||    24
  Eat: Chunk             |     3 |     6 ||     9
Armor: Robe              |    28 |     9 ||    37
Dodge: Dodged            |    97 |    65 ||   162
